 Dungeon Crawl Stone Soup version 0.22-a0-282-gdd34a7d (webtiles) character file.

314 Amnesiac the Gusty (level 6, 0/35 HPs)
             Began as a Tengu Air Elementalist on Mar 17, 2018.
             Was an Initiate of Sif Muna.
             Slain by an orc wizard
             ... wielding a +3 dagger of electrocution
              (10 damage)
             ... on level 4 of the Dungeon.
             The game lasted 00:06:35 (4037 turns).

Amnesiac the Gusty (Tengu Air Elementalist)         Turns: 4037, Time: 00:06:35

Health: 0/35       AC:  2    Str:  8    XL:     6   Next: 43%
Magic:  0/10       EV: 13    Int: 17    God:    Sif Muna [......]
Gold:   145        SH:  5    Dex: 15    Spells: 3/9 levels left

rFire    . . .     SeeInvis .   p - +2 dagger (freeze)
rCold    . . .     Gourm    .   j - +0 buckler
rNeg     . . .     Faith    .   a - +0 robe
rPois    .         Spirit   +   (helmet restricted)
rElec    .         Reflect  .   (no cloak)
rCorr    .         Harm     .   (no gloves)
MR       .....     Rnd*Tele +   (boots unavailable)
Stlth    ++........             o - amulet of guardian spirit
HPRegen  0.11/turn              h - ring of teleportation (curse)
MPRegen  0.12/turn              (no ring)

@: no status effects
A: beak, talons 3, able to fly 1
a: Fly, Renounce Religion


You were on level 4 of the Dungeon.
You worshipped Sif Muna.
Sif Muna was noncommittal.
You were not hungry.

You visited 1 branch of the dungeon, and saw 4 of its levels.

You collected 145 gold pieces.

Inventory:

Hand Weapons
 p - a +2 dagger of freezing (weapon)
Missiles
 q - 48 arrows
Armour
 a - a +0 robe (worn)
 j - a +0 buckler (worn)
Jewellery
 h - a cursed ring of teleportation (left hand)
 o - an amulet of guardian spirit (around neck)
Scrolls
 b - 7 scrolls of identify {!r, unknown}
 d - 6 scrolls of teleportation {!r, unknown}
 e - 4 scrolls of remove curse {!r, unknown}
 f - 2 scrolls of random uselessness {!r, unknown}
 g - a scroll of immolation {!r, unknown}
 k - a scroll of blinking {!r, unknown}
Potions
 i - 2 potions of curing {!q}
 l - a potion of might {!q, unknown}
 m - 3 potions of heal wounds {!q}
Comestibles
 c - 4 rations
 n - 5 chunks of flesh


   Skills:
 - Level 2.1 Fighting
 - Level 2.4 Dodging
 - Level 2.0 Stealth
 - Level 4.2 Shields
 + Level 2.0 Spellcasting
 - Level 4.4 Conjurations
 - Level 4.4 Air Magic


You had 3 spell levels left.
You knew the following spells:

 Your Spells              Type           Power        Failure   Level  Hunger
a - Shock                 Conj/Air       ###.         3%          1    #......
b - Static Discharge      Conj/Air       ###.....     10%         3    ###....
c - Sticks to Snakes      Tmut           #.......     28%         2    ###....


Dungeon Overview and Level Annotations

Branches:
Dungeon (4/15)
 Temple: D:4-7

Altars:
Hepliaklqana
Kikubaaqudgha
Sif Muna
Wu Jian
Zin
The Shining One


Innate Abilities, Weirdness & Mutations

You have a beak for a mouth.
You have claws for feet.
You can fly.


Message History

The orc wizard blinks!
The adder barely misses you.
Casting: Static Discharge (safe; 10% risk of failure)
Confirm with . or Enter, or press ? or * to list all spells.
Aiming: Shock (safe; 3% risk of failure)
Press: ? - help, Shift-Dir - straight line, f - adder
Aim: an adder The zap hits the adder.
The adder is lightly wounded.
The zap hits the orc.
The orc is heavily wounded.
The adder closely misses you.
Casting: Shock (safe; 3% risk of failure)
Confirm with . or Enter, or press ? or * to list all spells.
Aiming: Shock (safe; 3% risk of failure)
Press: ? - help, Shift-Dir - straight line, f/p - adder
Aim: an adder (lightly wounded)
The zap hits the adder.
The adder is heavily wounded.
The zap hits the orc.
The orc is heavily wounded.
You block the adder's attack.
Casting: Shock (safe; 3% risk of failure)
Confirm with . or Enter, or press ? or * to list all spells.
Aiming: Shock (safe; 3% risk of failure)
Press: ? - help, Shift-Dir - straight line, f/p - adder
Aim: an adder (heavily wounded)
The zap misses the adder.
The zap hits the orc.
You kill the orc!
Sif Muna accepts your kill.
Training target 4.4 for Conjurations reached!
You need to enable at least one skill for training.
The zap misses the orc wizard. x2; The adder bites you.
You block the adder's attack.
Casting: Shock (safe; 3% risk of failure)
Confirm with . or Enter, or press ? or * to list all spells.
Aiming: Shock (safe; 3% risk of failure)
Press: ? - help, Shift-Dir - straight line, p - adder The zap hits the adder.
The adder is severely wounded.
The zap hits the orc wizard.
The orc wizard is moderately wounded.
The zap misses the orc wizard.
The adder barely misses you. The adder bites you.
Casting: Shock (safe; 3% risk of failure)
Confirm with . or Enter, or press ? or * to list all spells.
Aiming: Shock (safe; 3% risk of failure)
Press: ? - help, Shift-Dir - straight line The zap misses the orc wizard.
The zap hits the orc wizard.
The orc wizard is heavily wounded.
The orc wizard casts a spell at you. The magic dart hits you!
* * * LOW HITPOINT WARNING * * *
The adder barely misses you.
Casting: Shock (safe; 3% risk of failure)
Confirm with . or Enter, or press ? or * to list all spells.
Aiming: Shock (safe; 3% risk of failure)
Press: ? - help, Shift-Dir - straight line
Okay, then.
The orc wizard barely misses you.
The orc wizard hits you with a dagger of electrocution.
* * * LOW HITPOINT WARNING * * *
You are electrocuted!
You die...

#)## ##'## #.# #.. #..#
#.# #.###.. ##.# #.#
#...... #.# ##.##
#####.. #o# ##...## #.#
#.# #.....## #.# #.#####
##.....######.#
#.....######...........#
###.#.o@........########
#.S.######.#### #####
#.# #.# #.# #.#
###.###### #........#
###.#.####.#


You could see an orc wizard and an adder.

Vanquished Creatures
  An ogre (D:4)
  A hound (D:4)
  An orc wizard (D:4)
  An orc priest (D:2)
  5 adders (D:3)
  2 worms
  2 dart slugs
  2 leopard geckos
  15 orcs
  8 giant cockroaches
  7 goblins
  6 hobgoblins
  7 bats
  6 frilled lizards
  4 kobolds
  8 rats
76 creatures vanquished.

Vanquished Creatures (others)
  A frilled lizard (D:1)
1 creature vanquished.

Grand Total: 77 creatures vanquished

Notes
Turn   | Place    | Note
-------+----------+-------------------------------------------
     0 | D:1      | Amnesiac the Tengu Air Elementalist began the quest for the Orb.
     0 | D:1      | Reached XP level 1. HP: 10/10 MP: 4/4
   226 | D:1      | Reached skill level 1 in Fighting
   263 | D:1      | Reached XP level 2. HP: 16/16 MP: 0/6
   974 | D:2      | Reached XP level 3. HP: 21/21 MP: 4/7
   979 | D:2      | Learned a level 3 spell: Static Discharge
  1414 | D:2      | Reached skill level 1 in Shields
  1451 | D:2      | Found an ancient bone altar of Kikubaaqudgha.
  1523 | D:2      | Found a glowing silver altar of Zin.
  1543 | D:2      | Found a hazy altar of Hepliaklqana.
  1771 | D:2      | Found a faded altar of an unknown god.
  1943 | D:3      | Reached XP level 4. HP: 25/26 MP: 2/8
  2037 | D:3      | Found a glowing golden altar of the Shining One.
  2657 | D:2      | Gained mutation: You can fly. [Tengu growth]
  2657 | D:2      | Reached XP level 5. HP: 17/30 MP: 1/9
  3185 | D:3      | Found an ornate altar of the Wu Jian Council.
  3410 | D:4      | Noticed an ogre
  3421 | D:4      | Killed an ogre
  3421 | D:4      | Reached XP level 6. HP: 34/35 MP: 1/10
  3690 | D:4      | Learned a level 2 spell: Sticks to Snakes
  3768 | D:4      | Found a deep blue altar of Sif Muna.
  3774 | D:4      | Became a worshipper of Sif Muna the Loreminder
  4037 | D:4      | Slain by an orc wizard

Vault maps used:
D:1:      minmay_arrival_three_doors, serial_glass, glass_columns_a,
          glass_columns_a, lemuel_flame_loot_1
D:2:      marbit_many_paths, lemuel_crystal_altar, lemuel_crystal_altar,
          chequers_ecumenical_altar_lobes
D:3:      nicolae_overflow_hidden_temple, lemuel_coloured_pillars_altar,
          first_ration, grunt_ministairs_1
D:4:      kennysheep_little_box

Skill      XL: |  1  2  3  4  5 |
---------------+----------------+-----
Fighting       | 1 2 |  2.1
Conjurations   | 2 3 4 |  4.4
Shields        | 1 2 4 |  4.2
Dodging        | |  2.4
Stealth        | |  2.0
Spellcasting   | |  2.0
Air Magic      | |  4.4

Action                   |  1- 3 |  4- 6 || total
-------------------------+-------+-------++-------
Melee: Unarmed           |     5 |     5 ||    10
       Kick              |     3 |    12 ||    15
       Peck              |     1 |     5 ||     6
       Dagger            |       |    42 ||    42
 Cast: Shock             |    73 |    69 ||   142
       Static Discharge  |       |     4 ||     4
  Use: Potion            |       |     2 ||     2
 Stab: Sleeping          |       |     1 ||     1
  Eat: Chunk             |     4 |     9 ||    13
Armor: Robe              |     1 |     8 ||     9
Dodge: Dodged            |    10 |    54 ||    64
Block: Buckler           |       |    12 ||    12

Table legend:
 A = Spawn XP
 B = Non-spawn XP
 C = Spawn XP percentage of total XP
 D = Spawn monster count
 E = Non-spawn monster count
 F = Spawn count percentage of total count
 G = Total turns spent on level
                    A         B        C        D         E        F      G
               +---------+---------+-------+---------+---------+-------+---------
         Total |       0 |     449 |   0.0 |       0 |      76 |   0.0 |  4037
               +---------+---------+-------+---------+---------+-------+---------
           D:1 |       0 |      37 |   0.0 |       0 |      19 |   0.0 |  1170
           D:2 |       0 |      76 |   0.0 |       0 |      20 |   0.0 |  1061
           D:3 |       0 |     116 |   0.0 |       0 |      27 |   0.0 |  1179
           D:4 |       0 |     220 |   0.0 |       0 |      10 |   0.0 |   627
               +---------+---------+-------+---------+---------+-------+---------
